Cogmind - Beta 12 X6 @@@ ROGUE MODE // 2023.02.23 @ 05:58:55 Player: maxwell Result: Destroyed by D-53 Grenadier with Mini Grenade Launcher Performance ------------- Evolutions (0) 0 Regions Visited (2) 400 Robots Destroyed (19) 95 Value Destroyed (427) 427 Prototype IDs (2) 40 Alien Tech Used (0) 0 Bonus (0) 0 TOTAL SCORE: 962 Bonus ------- None Cogmind --------- Core Integrity 0/250 Matter 275/300 Energy 100/100 System Corruption 7% Temperature Cool (0) Movement Rolling (95) Ox1 Location -10/Mines Parts ------- > --- POWER (1) -------- (None) > --- PROPULSION (2) --- Wheel Wheel > --- UTILITY (2) ------ Large Storage Unit > --- WEAPON (2) ------- Assault Rifle Assault Rifle > --- INVENTORY (15) --- Huge Storage Unit Large Matter Pod (150) Medium Laser Medium Laser Medium Laser Assault Rifle Assault Rifle Assault Rifle Grenade Launcher Peak State ------------ > --- POWER ------------ Light Ion Engine > --- PROPULSION ------- Light Treads Light Treads > --- UTILITY ---------- Large Storage Unit Core Shielding > --- WEAPON ----------- Medium Laser Assault Rifle > --- INVENTORY -------- Huge Storage Unit Large Matter Pod Medium Laser Medium Laser Medium Laser Assault Rifle Assault Rifle Assault Rifle Assault Rifle Grenade Launcher [Rating: 8] Favorites ----------- Power Light Ion Engine Engine Light Ion Engine Propulsion Light Treads Treads Light Treads Wheel Wheel Utility Large Storage Unit Storage Large Storage Unit Protection Core Shielding Weapon Assault Rifle Energy Gun Medium Laser Ballistic Gun Assault Rifle Build | -11 -10 -10 ------- Run | Jun Mat Min Slots Evolved . | . . . Power . | . . . Propulsion . | . . . Utility . | . . . Weapon . | . . . Parts Attached 20 | 6 10 4 Power 2 | 1 . 1 Engine 2 | 1 . 1 Core . | . . . Reactor . | . . . Propulsion 7 | 2 3 2 Treads 5 | 2 3 . Leg . | . . . Wheel 2 | . . 2 Hover . | . . . Flight . | . . . Utility 6 | 1 5 . Device . | . . . Storage 5 | 1 4 . Processor . | . . . Hackware . | . . . Protection 1 | . 1 . Artifact . | . . . Weapon 5 | 2 2 1 Energy Gun 2 | 1 1 . Energy Cannon . | . . . Ballistic Gun 3 | 1 1 1 Ballistic Cannon . | . . . Launcher . | . . . Special Weapon . | . . . Impact Weapon . | . . . Slashing Weapon . | . . . Piercing Weapon . | . . . Special Melee Weapon . | . . . Unidentified Prototypes . | . . . Parts Lost 6 | . . 6 Power 2 | . . 2 Propulsion 2 | . . 2 Utility 1 | . . 1 Weapon 1 | . . 1 Highest Loss Streak 5 | . . 5 To Critical Strikes . | . . . Average Slot Usage (%) 85 | . 95 73 Engine 11 | . 14 8 Treads 18 | . 27 7 Wheel 4 | . . 10 Storage 14 | . 14 14 Protection 7 | . 10 4 Energy Gun 9 | . 13 4 Ballistic Gun 18 | . 14 24 Naked Turns . | . . . Heaviest Build 28 | 11 28 28 Greatest Support 40 | 40 40 40 Greatest Overweight (x) 7 | . 1 7 Average Overweight (x) . | . . 1 Largest Inventory Capacity 15 | 8 15 15 Average Capacity 13 | 6 12 15 Most Carried 10 | 1 10 10 Average Carried 6 | . 5 9 Final Capacity 15 | 8 15 15 Final Carried 10 | 1 10 9 Class Distribution -------------------- 100% | Mutant Dominant Class ---------------- Mutant | -10/Materials Mutant | -10/Mines Resources | -11 -10 -10 ----------- Run | Jun Mat Min Matter Collected 695 | 206 347 142 Remotely . | . . . Salvage Created 563 | 7 456 100 Parts 42 | 1 36 5 Haulers Intercepted . | . . . Recyclers Shooed . | . . . Parts Field Recycled . | . . . Retrieved Matter . | . . . Parts Self-Destructed . | . . . Prevented . | . . . Kills | -11 -10 -10 ------- Run | Jun Mat Min Combat Hostiles Destroyed 18 | . 11 7 Guns 18 | . 11 7 Classes Destroyed 8 | 1 5 2 Worker 1 | . 1 . Builder 1 | . 1 . Tunneler 1 | 1 . . Watcher 1 | . 1 . Swarmer 6 | . 3 3 Grunt 8 | . 8 . Demolisher 1 | . . 1 Assembled 3 | . . 3 Best Kill Streak 6 | 1 6 3 Combat Bots Only 4 | . 4 3 Max Kills in Single Turn 2 | 1 2 1 Gunslinging . | . . . Exploded . | . . . Melee . | . . . Uniques/NPCs Destroyed . | . . . Combat | -11 -10 -10 -------- Run | Jun Mat Min Damage Taken 1118 | . 383 735 Core 264 | . 72 192 Absorbed by Shields . | . . . Redirected to Shielding 19 | . 11 8 Regen/Repaired (Parts) 116 | . 116 . Core Remaining (%) 100 | 100 . . Volleys Fired 64 | . 35 29 Largest 2 | . 2 2 Hottest 70 | . 70 70 Shots Fired 124 | . 70 54 Gun 124 | . 70 54 Cannon . | . . . Launcher . | . . . Special . | . . . Kinetic 77 | . 35 42 Thermal 47 | . 35 12 Explosive . | . . . Electromagnetic . | . . . Robot Hit Streak 13 | . 13 9 Robot Miss Streak 5 | . 5 3 Penetration Max . | . . . Secondary Targets 7 | . 3 4 Max Gunslinging Chain 1 | . 1 1 Shots Hit Robots 82 | . 48 34 Core Hits 37 | . 24 13 Critical Kills . | . . . Critical Parts Destroyed 1 | . . 1 Critical Strikes 7 | . 3 4 Burn 6 | . 3 3 Destroy 1 | . . 1 Melee Attacks . | . . . Impact . | . . . Slashing . | . . . Piercing . | . . . Sneak Attacks . | . . . Combat Hostiles . | . . . Follow-up Attacks . | . . . Damage Inflicted 996 | 8 565 423 Guns 987 | . 564 423 Cannons . | . . . Explosions . | . . . Melee . | . . . Ramming 9 | 8 1 . Kinetic 526 | . 219 307 Thermal 461 | . 345 116 Explosive . | . . . Electromagnetic . | . . . Impact . | . . . Slashing . | . . . Piercing . | . . . Highest Corruption 7 | . 2 7 Average Corruption 3 | . 2 5 Corruption Purged . | . . . Corruption Blocked . | . . . Effects 24 | . 6 18 Message Errors 4 | . . 4 Matter Fused 3 | . . 3 Heat Flow Errors 1 | . . 1 Energy Discharges 8 | . 5 3 Data Loss (minor) 2 | . 1 1 Data Loss (major) 2 | . . 2 Alerts 1 | . . 1 Weapon Failures 3 | . . 3 Overload Shots . | . . . Overflow Damage . | . . . Projectiles . | . . . Explosions . | . . . Melee . | . . . Knockbacks . | . . . Impact . | . . . Kinetic . | . . . Secondary . | . . . Self-Inflicted Damage . | . . . Shots . | . . . Rammed 1 | . 1 . Targets Rammed 2 | 1 1 . Kicked . | . . . Crushed 1 | 1 . . Highest Temperature 203 | . 122 203 Average Temperature 42 | . 45 36 Received Heat Transfer 297 | . 177 120 Siege Activations . | . . . Robots Corrupted . | . . . Combat Hostiles . | . . . Parts Fried . | . . . Impact Corruptions . | . . . Robots Melted . | . . . Combat Hostiles . | . . . Parts Melted 3 | . 3 . Heat Transferred 1776 | . 1221 555 Parts Sabotaged . | . . . Parts Stolen . | . . . Parts Stripped . | . . . Power Chain Reactions . | . . . Missiles Intercepted . | . . . Alert | -11 -10 -10 ------- Run | Jun Mat Min Peak Influence 192 | 5 192 174 Initial 74 | . 3 74 Average 96 | . 111 86 Maximum Alert Level . | . . . Low Security (%) 100 | 100 100 100 Level 1 . | . . . Level 2 . | . . . Level 3 . | . . . Level 4 . | . . . Level 5 . | . . . High Security . | . . . Max Security . | . . . Squads Dispatched 2 | . 2 . Investigation 1 | . 1 . Extermination . | . . . Reinforcement 1 | . 1 . Assault . | . . . Garrison . | . . . Intercept . | . . . Searches Triggered . | . . . Construction Impeded . | . . . Haulers Reinforced . | . . . Active Scanning Responses . | . . . Cargo Convoy Interrupts . | . . . Stealth | -11 -10 -10 --------- Run | Jun Mat Min Distress Signals 2 | . 2 . Communications Jammed . | . . . Distress Signals . | . . . Times Spotted 29 | . 17 12 Peak Tracking Total 7 | . 7 4 Tactical Retreats 4 | . 1 3 Traps | -11 -10 -10 ------- Run | Jun Mat Min Traps Triggered 2 | . 2 . Indirectly . | . . . Trap Hack Attempts . | . . . Triggered . | . . . Disarmed . | . . . Reprogrammed . | . . . Reused . | . . . Traps Extracted . | . . . Installed . | . . . Triggered . | . . . Machines | -11 -10 -10 ---------- Run | Jun Mat Min Machines Disabled . | . . . Max in Single Turn . | . . . Machines Repaired . | . . . Machines Sabotaged . | . . . Overloaded Fab Kills . | . . . Hacking | -11 -10 -10 --------- Run | Jun Mat Min Machines Accessed 5 | . 5 . Terminals 4 | . 4 . Fabricators . | . . . Repair Stations 1 | . 1 . Recycling Units . | . . . Scanalyzers . | . . . Garrison Access . | . . . Total Hacks 13 | . 13 . Successful 8 | . 8 . Failed 5 | . 5 . Catastrophic 1 | . 1 . Database Lockouts . | . . . Manual 8 | . 8 . Terminals 10 | . 10 . Fabricators . | . . . Repair Stations 3 | . 3 . Recycling Units . | . . . Scanalyzers . | . . . Garrison Access . | . . . Terminal Hacks 5 | . 5 . Part Schematic 1 | . 1 . Robot Analysis 3 | . 3 . Prototype ID Bank 1 | . 1 . Fabricator Hacks . | . . . Repair Station Hacks 2 | . 2 . Scan Component 1 | . 1 . Repair 1 | . 1 . Recycling Unit Hacks . | . . . Scanalyzer . | . . . Garrison Access Hacks . | . . . Unauthorized Hacks 1 | . 1 . Terminals 1 | . 1 . Botnet 1 | . 1 . Fabricators . | . . . Repair Stations . | . . . Recycling Units . | . . . Scanalyzers . | . . . Garrison Access . | . . . Data Cores Recovered . | . . . Used . | . . . Hacking Detections 5 | . 5 . Full Trace Events 1 | . 1 . Feedback Events . | . . . Feedback Blocked . | . . . Robot Schematics Acquired . | . . . Robots Built . | . . . Authchips . | . . . Time . | . . . Total Robot Build Rating . | . . . Part Schematics Acquired 1 | . 1 . Parts Built . | . . . Authchips . | . . . Time . | . . . Total Part Build Rating . | . . . Parts Repaired 1 | . 1 . Time 26 | . 26 . Parts Recycled . | . . . Recycled Matter . | . . . Retrieved Matter . | . . . Retrieved Components . | . . . Parts Scanalyzed . | . . . Part Schematics Acquired . | . . . Parts Damaged . | . . . Bothacking | -11 -10 -10 ------------ Run | Jun Mat Min Used RIF Installer . | . . . Robots Hacked . | . . . Non-combat . | . . . Combat . | . . . Robot Hacks Applied . | . . . Relay Couplers Released . | . . . Fabnet Peak Effective % . | . . . Robots Rewired . | . . . Allies Hacked . | . . . Hacks Repelled . | . . . Allies | -11 -10 -10 -------- Run | Jun Mat Min Total Allies . | . . . Largest Group . | . . . Highest-Rated Group . | . . . Highest-Rated Ally . | . . . Total Orders . | . . . Ally Attacks . | . . . Total Damage . | . . . Kills . | . . . Allies Corrupted . | . . . Allies Melted . | . . . Intel | -11 -10 -10 ------- Run | Jun Mat Min Robot Analysis Total 3 | . 3 . Derelict Logs Recovered . | . . . Drone Launches . | . . . Drone Recoveries . | . . . Exploration | -11 -10 -10 ------------- Run | Jun Mat Min Turns Passed 1476 | 64 776 636 Spaces Moved 708 | 34 372 302 Core 19 | 1 . 18 Treads 481 | 33 372 76 Legs . | . . . Wheels 208 | . . 208 Hover . | . . . Flight . | . . . Fastest Speed 50 | 50 160 95 Average Speed 146 | 156 160 129 Slowest Speed 400 | 160 240 400 Overloaded Moves . | . . . Propulsion Burnouts . | . . . Robots Hopped . | . . . Cave-ins Triggered . | . . . Exploration Rate (%) 51 | 5 77 71 Regions Visited 2 Branch Regions 1 Pre-discovered Areas . | . . . Known Exits Taken . | . . . Unknown Exits Taken 2 | 1 1 . Scrap Searched 1 | . . 1 Spaces Dug . | . . . Terrain Destroyed . | . . . Melee . | . . . Projectile . | . . . AOE . | . . . Terrain Rammed . | . . . Walls Destroyed . | . . . Machines Disabled . | . . . Actions | -11 -10 -10 --------- Run | Jun Mat Min Total 1016 | 41 486 489 Wait 205 | . 51 154 Move 706 | 33 371 302 Hop . | . . . Pick Up 11 | 1 10 . Fast Attach 17 | 6 8 3 Attach 2 | . 1 1 Detach 3 | . 3 . Swap 1 | . 1 . Drop 5 | . 5 . Fire 64 | . 35 29 Melee . | . . . Ram . | . . . Kick . | . . . Crush 2 | 1 1 . Escape Stasis . | . . . Rewire . | . . . Trap . | . . . Miscellaneous . | . . . Route ------- -11/Junkyard -10/Materials (discovered 3 exits: [*Mat x2] / [*Min]) -10/Mines (discovered 1 exit: [*Mat]) History --------- Turn | Location | Event 24 | -11/Junkyard | Discovered new exit (range 16) 65 | -11/Junkyard | Entered Materials 238 | -10/Materials | Discovered new exit (range 15) 304 | -10/Materials | Build established: Mutant 606 | -10/Materials | Discovered new exit (range 15) 685 | -10/Materials | Repaired Lgt. Treads 833 | -10/Materials | Discovered new exit (range 6) 841 | -10/Materials | Entered Mines 917 | -10/Mines | Assembled infested the area 1064 | -10/Mines | Lost 5 parts (1p2n1u1w) 1308 | -10/Mines | Core integrity fell below 50% 1452 | -10/Mines | Discovered new exit (range 8) 1472 | -10/Mines | Core integrity fell below 20% 1477 | -10/Mines | Destroyed by D-53 Grenadier with Mini Grenade Launcher Last Messages --------------- 01324_ K-01 Serf collects debris. 01330_ U-05 Engineer lays Concrete. 01334_ K-01 Serf collects debris. 01337_ U-05 Engineer lays Concrete. 01366_ System corrupted: Substantial component data lost. 01384_ Searching scrap... 01384_ Found 23 Matter. 01384_ Found Com. Wheel. 01384_ Found 13 Matter. 01387_ U-05 Engineer lays Concrete. 01397_ K-01 Serf collects debris. 01402_ |6W&F/ANO0:ZWX=DVLW>UA1N>EQ8UH6U1K=KD& 01418_ B>DOF50RLELAQYMF9V 3 01433_ System corrupted: Energy discharge (-43). 01452_ EXIT=FOUND 01465_ Lgt. Ion Engine destroyed. 01465_ Core Extractor disabled. 01466_ D-53 Grenadier destroyed. 01466_ Switching to secondary target: D-53 Grenadier. 01475_ K-01 Serf destroyed. Map ----- +----------------------------------------------------+ | | | | | | | | | | | | | | | | | | | ?????????????????????????????????????????????????? | | ?????????????????????????###?????????????????????? | | ????????????????????????# ##############??????? | | ???????????????????????# ##?????? | | ????????????????????? #####?? | | ????????????????????? #### ### ##? | | ????????????????????????# ??????# #?# #? | | ????????????????????????# #??##### #?# #? | | ????????????????????????# #??# #?# ##? | | ????????????????????????# #??# #####?# ##?? | | ????????????????????????# #??# ####?## ###??? | | ??????????????????????### #### ### ##????? | | ?????????????????????## d ## #?????? | | ????????????????????## # ### #?????? | | ?????????????## ### ## #?????? | | ?????????????# %= ### ##????? | | ?????????????# @ # < ### #????? | | ??????????????# ### ### #????? | | ??????????????### # #?##### ##???? | | ????????????????##??## #????# #???? | | ?????????????????????# "" ##????# ##??? | | ????????????????????? ####?????## ##?? | | ????????????????????# ##?????????##### ##? | | ????????????????????# ##??????????????## #? | | ????????????????????# ##????????????????## #? | | ????????????????????## #???????????????????## ## | | ?????????????????????###?????????????????????## # | | ??????????????????????????????????????????????# # | | ??????????????????????????????????????????##### | | ??????????????????????????????????????????# | | ??????????????????????????????????????????# | | ??????????????????????????????????????????# ## " | | ??????????????????????????????????????????# ## " | | ??????????????????????????????????????????#%### " | | ????????????????????????????????????????### # # | | ???????????????????????????????????????## ## ## | | ???????????????????????????????????????# !# ## | | ??????????????????????????????????????## % %!## | | ?????????????????????????????????????## * #? | | ??????????????????????????????###???## #? | | ??????????????????????????????# ##### ##? | +----------------------------------------------------+ Best States ------------- Heat Dissipation 25 Energy Generation 10 Energy Capacity 125 Matter Stores 300 Matter Capacity 450 Sight Range 16 Terrain Scan Density 10 Core Shielding 20 Evasion (%) 41 Recoil Reduction 2 Item Schematics ----------------- Huge Storage Unit | -10/Materials | Hacked Robot Schematics ------------------ None Fabricated ------------ Nothing Alien Tech Used ----------------- None Achievements -------------- None Challenges ------------ None Game ------ Seed AngularPrecisionCasing Manual? 0 Play Time 00:07:11 Cumulative 278.3 hours Start 2023.02.23 @ 05:53:49 End 2023.02.23 @ 05:58:55 Sessions 1 Manual Loads 0 Difficulty Rogue Special Mode None Game No. 409 Rogue 387 Adventurer 4 Explorer 18 Win Type - Total 11 Types 9/0/0/2/0/0/0/0/0 Lore% 70 Gallery% 89 Achievement% 73 Wizard Run 0 Options --------- ASCII 0 Keyboard 1 Movement Numpad Keybinds 0 Fullscreen 2 Font 18/SmallcapsGlow Map View 76x50 Tactical HUD 1 Map Filters NONE Filters NONE Steam 1 RUN: a9edb915-713e-48eb-8ca2-e7caf1ac9bc8